 Dungeon Crawl Stone Soup version 0.22-a0-379-ga9d99d6 (webtiles) character file.

107 Alphaeus the Sneak (level 4, -10/31 HPs)
             Began as an Octopode Fighter on Apr 28, 2018.
             Mangled by an ogre
             ... wielding a +0 giant club
              (12 damage)
             ... on level 4 of the Dungeon.
             The game lasted 00:01:36 (2623 turns).

Alphaeus the Sneak (Octopode Fighter)               Turns: 2623, Time: 00:01:36

Health: -10/31     AC:  1    Str: 15    XL:     4   Next: 85%
Magic:  4/4        EV: 12    Int: 10    God:
Gold:   164        SH:  9    Dex: 12    Spells: 3/3 levels left

rFire    . . .     SeeInvis .   a - +0 rapier
rCold    . . .     Gourm    .   b - +0 shield
rNeg     . . .     Faith    .   (helmet restricted)
rPois    .         Spirit   .   (no amulet)
rElec    .         Reflect  .   (no ring)
rCorr    .         Harm     .   (no ring)
MR       .....                  (no ring)
Stlth    ++++......             (no ring)
HPRegen  0.10/turn              (no ring)
MPRegen  0.09/turn              (no ring)
                                (no ring)
                                (no ring)

@: no status effects
A: almost no armour, stealthy swim, amphibious, 8 rings, constrict 8, camouflage
1, gelatinous body 1
a: no special abilities


You were on level 4 of the Dungeon.
You were not hungry.

You visited 1 branch of the dungeon, and saw 4 of its levels.

You collected 164 gold pieces.

Inventory:

Hand Weapons
 a - a +0 rapier (weapon)
Armour
 b - a +0 shield (worn)
Jewellery
 m - an uncursed ring of resist corrosion {unknown}
Scrolls
 e - 4 scrolls of identify {unknown}
 g - a scroll of remove curse {unknown}
 h - 2 scrolls of random uselessness {unknown}
 i - a scroll of enchant weapon {unknown}
 l - 2 scrolls of teleportation {unknown}
Potions
 c - a potion of might
 f - a potion of invisibility
 j - 3 potions of curing
 k - a potion of magic {unknown}
 n - a potion of haste {unknown}
 o - a potion of agility {unknown}
 p - a potion of degeneration {unknown}
Comestibles
 d - 4 rations


   Skills:
 - Level 3.0 Fighting
 - Level 2.0 Short Blades
 - Level 3.0 Dodging
 - Level 5.2 Stealth
 * Level 3.8 Shields


You had 3 spell levels left.
You didn't know any spells.

Dungeon Overview and Level Annotations

Branches:
Dungeon (4/15)
 Temple: D:4-7

Altars:


Innate Abilities, Weirdness & Mutations

You cannot wear most types of armour.
You are very stealthy in the water. (Stealth+)
You are amphibious.
You can wear up to eight rings at the same time.
You can use your tentacles to constrict eight enemies at once.
Your skin changes colour to match your surroundings (Stealth+).
Your rubbery body absorbs attacks. (AC +1, EV +1)


Message History

You puncture the ogre! You squeeze the ogre.
The ogre is severely wounded.
The ogre hits you with a giant club!!
Ouch! That really hurt!
You are too injured to fight recklessly!
You are too injured to fight recklessly!
An ogre is nearby!
You are too injured to fight recklessly!
You are too injured to fight recklessly!
You puncture the ogre! Your squeeze misses the ogre.
The ogre is almost dead.
The ogre hits you with a giant club!
* * * LOW HITPOINT WARNING * * *
You closely miss the ogre. You squeeze the ogre.
The ogre is almost dead.
The ogre barely misses you.
You closely miss the ogre.
The ogre is almost dead.
The ogre hits you with a giant club!
You die...

####.###.......##..#..#.#
#.# #.......##.......#
#.# #.......##........
####.###.......##..####.#
#..............##..# .#
#.##.##........##... .# #
##.##......#####.#
#..##...##.### #.#
#$#...@O......
#.#........###
............#
#........##.# #...##.....
# ############


You could see an ogre.

Vanquished Creatures
  An iguana (D:4)
  3 adders (D:3)
  A gnoll (D:1)
  An adder skeleton (D:4)
  4 dart slugs
  A leopard gecko (D:3)
  2 giant cockroaches (D:3)
  3 goblins
  5 hobgoblins
  3 jackals (D:1)
  3 kobolds
  A ball python (D:1)
  4 bats
  A frilled lizard (D:4)
  3 rats
36 creatures vanquished.

Notes
Turn   | Place    | Note
-------+----------+-------------------------------------------
     0 | D:1      | Alphaeus the Octopode Fighter began the quest for the Orb.
     0 | D:1      | Reached XP level 1. HP: 16/16 MP: 1/1
    26 | D:1      | Reached skill level 1 in Stealth
    53 | D:1      | Reached skill level 2 in Stealth
    55 | D:1      | Reached XP level 2. HP: 19/21 MP: 2/2
   296 | D:1      | Reached skill level 3 in Stealth
   570 | D:1      | Reached XP level 3. HP: 26/26 MP: 3/3
   577 | D:1      | Reached skill level 4 in Stealth
  1665 | D:3      | Reached skill level 5 in Stealth
  1665 | D:3      | Reached XP level 4. HP: 6/31 MP: 4/4
  2614 | D:4      | Noticed an ogre
  2623 | D:4      | Mangled by an ogre

Vault maps used:
D:1:      minmay_arrival_doors
D:2:      roderic_lattice_a
D:3:      st_stairs_1
D:4:      lightli_temple_of_fire, first_ration, kennysheep_generic_room_3

Skill      XL: |  1  2  3 |
---------------+----------+-----
Stealth        | 2 3 5 |  5.2
Fighting       | |  3.0
Short Blades   | |  2.0
Dodging        | |  3.0
Shields        | |  3.8

Action                   |  1- 3 |  4- 6 || total
-------------------------+-------+-------++-------
Melee: Rapier            |    56 |    23 ||    79
       Constrict         |    15 |     4 ||    19
       Tentacles         |    10 |     5 ||    15
  Use: Potion            |     2 |       ||     2
 Stab: Sleeping          |     6 |     4 ||    10
       Invisible         |     1 |       ||     1
  Eat: Chunk             |     1 |     1 ||     2
       Ration            |       |     1 ||     1
Armor: Skin              |     4 |       ||     4
Dodge: Dodged            |    40 |     5 ||    45
Block: Shield            |    30 |     6 ||    36

Table legend:
 A = Spawn XP
 B = Non-spawn XP
 C = Spawn XP percentage of total XP
 D = Spawn monster count
 E = Non-spawn monster count
 F = Spawn count percentage of total count
 G = Total turns spent on level
                    A         B        C        D         E        F      G
               +---------+---------+-------+---------+---------+-------+---------
         Total |       0 |     153 |   0.0 |       0 |      36 |   0.0 |  2623
               +---------+---------+-------+---------+---------+-------+---------
           D:1 |       0 |      42 |   0.0 |       0 |      16 |   0.0 |   818
           D:2 |       0 |       7 |   0.0 |       0 |       3 |   0.0 |   679
           D:3 |       0 |      63 |   0.0 |       0 |      14 |   0.0 |  1065
           D:4 |       0 |      41 |   0.0 |       0 |       3 |   0.0 |    61
               +---------+---------+-------+---------+---------+-------+---------
